 Dungeon Crawl Stone Soup version 0.26.1-11-gd32895ea62 (webtiles) character file.

Game seed: 2133990120312420753

506 Mattiprrivan the Twirler (level 7, -3/41 HPs)
             Began as a Gargoyle Gladiator on June 21, 2021.
             Killed by divine providence
             ... invoked by an orc priest
              (16 damage)
             ... on level 5 of the Dungeon.
             The game lasted 00:32:51 (4530 turns).

Mattiprrivan the Twirler (Gargoyle Gladiator)       Turns: 4530, Time: 00:32:51

Health: -3/41      AC: 11    Str: 19    XL:     7   Next: 18%
Magic:  7/7        EV: 16    Int: 10    God:
Gold:   166        SH:  0    Dex: 12    Spells: 6/6 levels left

rFire    . . .     SeeInvis .   a - +2 quarterstaff
rCold    . . .     Faith    .   (shield currently unavailable)
rNeg     + . .     Spirit   .   l - +0 ring mail {Will+}
rPois    ∞         Reflect  .   c - +0 helmet
rElec    +         Harm     .   (no cloak)
rCorr    .         Rampage  .   (no gloves)
Will     +....                  (no boots)
Stlth    +.........             k - amulet of magic regeneration
HPRegen  0.13/turn              e - +4 ring of evasion
MPRegen  0.35/turn              (no ring)

@: no status effects
A: blink, clever 1, negative energy resistance 1, electricity resistance,
unbreathing, petrification resistance, miasma immunity, AC +4
a: Blink


You were on level 5 of the Dungeon.
You visited 1 branch of the dungeon, and saw 5 of its levels.

You collected 166 gold pieces.

Inventory:

Hand Weapons
 a - a +2 quarterstaff (weapon)
Missiles
 h - a javelin (quivered)
 i - 18 poisoned darts
Armour
 c - a +0 helmet (worn)
 l - a +0 ring mail of willpower (worn)
Jewellery
 e - a +4 ring of evasion (left hand)
 k - an amulet of magic regeneration (around neck)
Wands
 d - a wand of paralysis (3)
Scrolls
 b - a scroll of identify
 g - a scroll of teleportation
 m - a scroll of blinking
Potions
 f - a potion of cancellation


   Skills:
 * Level 3.3 Fighting
 * Level 5.6 Staves
 * Level 2.7 Throwing
 * Level 2.2 Armour
 * Level 3.2 Dodging
 * Level 2.4 Stealth
 * Level 0.6 Evocations


You had 6 spell levels left.
You didn't know any spells.
Your spell library was empty.

Dungeon Overview and Level Annotations

Branches:
Dungeon (5/15)
 Temple: D:4-7

Altars:
Cheibriados


Innate Abilities, Weirdness & Mutations

You are resistant to torment.
Your stone body is resilient. (AC +4)
You are immune to poison.
You resist negative energy. (rN+)
You are resistant to electric shocks. (rElec)
You can survive without breathing.
You are immune to petrification.
You are immune to miasma.
You can translocate small distances at will.
Your mind is acute. (Int +2)


Message History

Press: ? - help, Dir - move target, f/p - orc priest
Aim: an orc priest, wielding a +0 club and wearing a +0 scale mail (severely wounded)
You closely miss the orc priest.
The orc priest is severely wounded.
The orc priest hits you with a +0 club.
Hit: a) +2 quarterstaff
Press: ? - help, Dir - move target, f/p - orc priest
Aim: an orc priest, wielding a +0 club and wearing a +0 scale mail (severely wounded)
You hit the orc priest.
The orc priest is almost dead.
The orc priest mumbles some strange prayers to Beogh against you.
You resist with some effort.
Hit: a) +2 quarterstaff
Press: ? - help, Dir - move target, f/p - orc priest
Aim: an orc priest, wielding a +0 club and wearing a +0 scale mail (almost dead)
You hit the orc priest.
You kill the orc priest!
The orc priest invokes the aid of Beogh against you.
Beogh smites you!
You die...

#.##<#
#.####
#.#
####.#
#....#
#.####
#.#
#.#
#@#
#h#
#.5
###o
.? ..
.(.
##.


You could see a hound, an orc priest and a white imp.

Vanquished Creatures
  An ogre (D:4)
  3 orc priests
  An orc wizard (D:4)
  3 worker ants
  11 gnolls (D:3)
  3 adders
  2 oozes
  4 worms
  2 dart slugs (D:3)
  3 leopard geckos
  15 orcs
  4 giant cockroaches
  8 goblins
  7 hobgoblins
  8 jackals
  6 bats
  8 frilled lizards
  10 kobolds
  6 rats
105 creatures vanquished.

Notes
Turn   | Place    | Note
-------+----------+-------------------------------------------
     0 | D:1      | Mattiprrivan the Gargoyle Gladiator began the quest for the
                  | Orb.
     0 | D:1      | Reached XP level 1. HP: 12/12 MP: 1/1
    88 | D:1      | Reached XP level 2. HP: 16/17 MP: 2/2
   201 | D:1      | Gained mutation: You can translocate small distances at
                  | will. [potion of mutation]
   201 | D:1      | Gained mutation: Your mind is acute. (Int +2) [potion of
                  | mutation]
   485 | D:1      | Reached XP level 3. HP: 21/21 MP: 3/3
   875 | D:1      | You fall into a shaft and drop 1 floor!
  1528 | D:2      | Reached skill level 1 in Armour
  1628 | D:2      | Reached skill level 1 in Stealth
  1628 | D:2      | Reached XP level 4. HP: 27/27 MP: 4/4
  1934 | D:3      | Reached skill level 4 in Staves
  2003 | D:3      | Reached XP level 5. HP: 23/31 MP: 5/5
  2907 | D:3      | Found a snail-covered altar of Cheibriados.
  2920 | D:3      | Reached XP level 6. HP: 36/36 MP: 6/6
  2929 | D:3      | Reached skill level 5 in Staves
  4101 | D:4      | Reached XP level 7. HP: 40/41 MP: 7/7
  4490 | D:5      | Entered Level 5 of the Dungeon
  4530 | D:5      | Killed from afar by an orc priest

Illustrated notes

Levels and vault maps discovered:
D:1:      dpeg_arrival_arbitrary_c, layout_loops_ring, serial_forest,
          infiniplex_forest_corner_2, infiniplex_forest_lined_ring,
          infiniplex_forest_split, infiniplex_forest_clump_small,
          infiniplex_forest_straight_5, infiniplex_forest_lined_room_2,
          infiniplex_forest_straight_2
D:2:      layout_basic
D:3:      layout_basic, cheibriados_altar_1, serial_rivers,
          chequers_serial_rivers_micro_b, chequers_serial_rivers_micro_c,
          chequers_serial_rivers_small_3, chequers_serial_rivers_micro_d
D:4:      layout_basic, serial_co_window_serial, co_window_paths_b,
          co_window_corner_a, co_window_paths_a, co_window_paths_b,
          co_window_paths_b, co_window_broadway_a, co_window_corner_b,
          co_window_unsneaky_path_d, co_window_broadway_a, co_window_4corner_b,
          co_window_paths_d, glass_columns_a, glass_columns_a, glass_columns_a,
          glass_columns_c
D:5:      layout_basic, grunt_qazlal_sundering

Skill      XL: |  1  2  3  4  5  6 |
---------------+-------------------+-----
Throwing       | 2 |  2.7
Armour         | 1 2 |  2.2
Stealth        | 1 2 |  2.4
Staves         | 4 5 |  5.6
Dodging        | 3 |  3.2
Fighting       | 3 |  3.3
Evocations     | |  0.6

Action                   |  1- 3 |  4- 6 |  7- 9 || total
-------------------------+-------+-------+-------++-------
Melee: Quarterstaff      |   144 |   131 |    32 ||   307
Throw: Throwing net      |     4 |     6 |       ||    10
       Javelin           |       |    19 |    10 ||    29
       Dart              |       |     2 |       ||     2
Evoke: Wand              |       |       |     2 ||     2
  Use: Potion            |     5 |     3 |       ||     8
       Scroll            |     7 |     5 |       ||    12
 Stab: Held in net/web   |     2 |     1 |       ||     3
       Sleeping          |       |     2 |       ||     2
       Distracted        |       |     1 |       ||     1
       Paralysed         |       |       |     1 ||     1
Armor: Leather armour    |    34 |    37 |       ||    71
       Ring mail         |       |     2 |     5 ||     7
Dodge: Dodged            |   123 |   147 |    13 ||   283
